 Dungeon Crawl Stone Soup version 0.23.2-30-g0e89c35649 (webtiles) character file.

Game seed: 1670430770136123027

634 funkygono the Digger (level 7, -17/51 HPs)
             Began as a Formicid Earth Elementalist on June 15, 2019.
             Demolished by an orc warrior
             ... wielding a +0 battleaxe
              (28 damage)
             ... on level 5 of the Dungeon.
             The game lasted 00:12:58 (5381 turns).

funkygono the Digger (Formicid Earth Elementalist)  Turns: 5381, Time: 00:12:59

Health: -17/51     AC:  7    Str: 17    XL:     7   Next: 78%
Magic:  12/14      EV: 12    Int: 17    God:
Gold:   198        SH:  0    Dex: 15    Spells: 6/15 levels left

rFire    . . .     SeeInvis +   e - +1 club
rCold    . . .     Gourm    .   (no shield)
rNeg     . . .     Faith    .   p - +0 leather armour
rPois    +         Spirit   .   (helmet unavailable)
rElec    .         Reflect  .   f - +1 cloak
rCorr    .         Harm     .   (no gloves)
MR       .....                  n - +1 pair of boots
Stlth    +++.......             q - amulet of Dafiem {Acrobat rPois Dex+4 Stlth+}
HPRegen  0.17/turn              r - ring of ice
MPRegen  0.14/turn              i - ring of fire

@: mighty, very slightly contaminated, invisible
A: permanent stasis, dig shafts and tunnels, four strong arms, antennae 3
a: Dig, Shaft Self


You were on level 5 of the Dungeon.
You were hungry.

You visited 2 branches of the dungeon, and saw 7 of its levels.

You collected 198 gold pieces.

Inventory:

Hand Weapons
 e - a +1 club (weapon)
Missiles
 b - 65 stones (quivered)
 z - 47 sling bullets
Armour
 c - a +0 robe
 f - a +1 cloak (worn)
 n - a +1 pair of boots (worn)
 p - a +0 leather armour (worn)
 C - the +6 scale mail of Fashionability {rF+ rC+ SInv}
   (You found it on level 5 of the Dungeon)

   It protects you from fire.
   It protects you from cold.
   It lets you see invisible.
Jewellery
 i - a ring of fire (right hand)
 m - an uncursed ring of protection from cold
 q - an amulet of Dafiem (around neck) {Acrobat rPois Dex+4 Stlth+}
   (You found it on level 5 of the Dungeon)

   [amulet of the acrobat]

   It helps you evade while moving and waiting.
   It affects your dexterity (+4).
   It protects you from poison.
   It makes you more stealthy.
 r - a ring of ice (left hand)
Scrolls
 s - 5 scrolls of remove curse
 v - a scroll of amnesia
 w - 2 scrolls of magic mapping
Potions
 a - a potion of resistance
 g - a potion of invisibility
 k - 3 potions of berserk rage
 l - 2 potions of heal wounds
 o - a potion of flight
 t - 2 potions of brilliance
 u - 7 potions of curing
 x - a potion of mutation {unknown}
 A - 2 potions of agility
 B - a potion of magic {unknown}
 D - a potion of lignification {unknown}
Comestibles
 d - 15 rations


   Skills:
 * Level 2.6 Fighting
 + Level 1.5 Maces & Flails
 * Level 2.8 Armour
 + Level 2.2 Dodging
 + Level 3.3 Stealth
 * Level 4.9 Spellcasting
 * Level 2.2 Conjurations
   Level 1.1 Transmutations
 + Level 5.0 Earth Magic


You had 6 spell levels left.
You knew the following spells:

 Your Spells              Type           Power        Failure   Level  Hunger
a - Sandblast             Erth           ###...       2%          1    None
b - Stone Arrow           Conj/Erth      ###...       12%         3    ###....
c - Lee's Rapid Deconstr  Erth           ###.......   52%         5    ######.

Your spell library contained the following spells:

 Spells                   Type           Power        Failure   Level  Hunger
 Passwall                 Tmut/Erth      ##......     8%          2    #......
 Beastly Appendage        Tmut           #.....       11%         1    None
 Sticks to Snakes         Tmut           #.......     16%         2    #......
 Spider Form              Tmut/Pois      #.........   38%         3    ###....
 Petrify                  Tmut/Erth      ##......     43%         4    ####...
 Ice Form                 Ice/Tmut       #.......     80%         4    ####...
 Blade Hands              Tmut           #.........   96%         5    ######.


Dungeon Overview and Level Annotations

Branches:
Dungeon (6/15)             Temple (1/1) D:5

Altars:
Ashenzari
Cheibriados
Dithmenos
Elyvilon
Fedhas
Gozag
Kikubaaqudgha
Makhleb
Nemelex Xobeh
Okawaru
Trog
Uskayaw
Wu Jian
Xom
Yredelemnul
Zin
The Shining One


Innate Abilities, Weirdness & Mutations

You cannot be hasted, slowed, berserked, paralysed or teleported.
You can dig through walls and to a lower floor.
Your four strong arms can wield two-handed weapons with a shield.
You have a pair of large antennae on your head. (SInv)


Message History

Casting: Sandblast (safe; 2% risk of failure)
Confirm with . or Enter, or press ? or * to list all spells.
Aiming: Sandblast (safe; 2% risk of failure)
Press: ? - help, Shift-Dir - straight line, f - orc warrior
Aim: an orc warrior, wielding a +0 battleaxe and wearing a +0 chain mail (heavily wounded, hasn't noticed you)
The blast of sand hits the orc warrior.
The orc warrior is heavily wounded.
b - 66 stones The orc warrior misses you.
Casting: Sandblast (safe; 2% risk of failure)
Confirm with . or Enter, or press ? or * to list all spells.
Aiming: Sandblast (safe; 2% risk of failure)
Press: ? - help, Shift-Dir - straight line, f/p - orc warrior
Aim: an orc warrior, wielding a +0 battleaxe and wearing a +0 chain mail (heavily wounded)
The blast of sand hits the orc warrior but does no damage.
The orc warrior is heavily wounded.
b - 65 stones The orc warrior hits you with a +0 battleaxe!!
Ouch! That really hurt!
You die...

#.########## #.# #.### #.#
#.....# #.# #.# #.#
#.....###.######## #.# #.#
#................# #.#
#.####.....###.######.# #.#
#.#........# #.# #.# #.#
#.#.######## #.# ###.# #.# ..).#
######.####.#.# #.# #.#.#
#.......@o.#..# #.# #.#.#
#.####.####.#.# #.# #.#.# #.#
#.# #.#.# #.# #.#.# #^# #.#
#.#.# #.# #.#.#####.####.# #.#.#
#.# #...<........#.# #.#.# #.#
##...#.).......# #.#.#######.###
#...#.#####.######..............
###.#.# #...............).....


You could see an orc warrior.

Vanquished Creatures
  A sky beast (D:5)
  A phantom (D:5)
  A necrophage (D:4)
  A scorpion (D:6)
  A crimson imp (D:5)
  2 centaur skeletons
  A jelly (D:5)
  A bullfrog skeleton (D:5)
  A worker ant (D:5)
  A hound skeleton (D:4)
  4 adders
  4 worms
  3 dart slugs
  4 leopard geckos
  7 orcs
  5 bats
  2 giant cockroaches
  5 goblins
  3 hobgoblins
  6 jackals
  2 quokkas
  2 ball pythons
  2 frilled lizards
  9 kobolds
  A quokka skeleton (D:4)
  5 rats
75 creatures vanquished.

Notes
Turn   | Place    | Note
-------+----------+-------------------------------------------
     0 | D:1      | funkygono the Formicid Earth Elementalist began the quest
                  | for the Orb.
     0 | D:1      | Reached XP level 1. HP: 13/13 MP: 3/3
   286 | D:1      | Reached XP level 2. HP: 19/19 MP: 1/5
   758 | D:2      | Reached skill level 4 in Earth Magic
   823 | D:2      | Reached XP level 3. HP: 24/24 MP: 4/7
   868 | D:2      | Reached skill level 1 in Armour
   900 | D:2      | Learned a level 3 spell: Stone Arrow
  1531 | D:3      | Reached XP level 4. HP: 31/31 MP: 0/8
  1583 | D:3      | Found a sparkling altar of Nemelex Xobeh.
  1633 | D:3      | Reached skill level 1 in Fighting
  2152 | D:3      | Reached skill level 1 in Conjurations
  2527 | D:4      | Noticed a necrophage
  2537 | D:4      | Killed a necrophage
  2537 | D:4      | Reached XP level 5. HP: 26/36 MP: 5/10
  2582 | D:4      | Learned a level 5 spell: Lee's Rapid Deconstruction
  3036 | D:4      | Reached XP level 6. HP: 22/43 MP: 7/11
  3582 | D:5      | Entered Level 5 of the Dungeon
  3605 | D:5      | Got a wavering brass amulet
  3622 | D:5      | Noticed a sky beast
  3643 | D:5      | Killed a sky beast
  3643 | D:5      | Reached skill level 1 in Maces & Flails
  4050 | D:5      | Reached XP level 7. HP: 49/49 MP: 9/13
  4078 | D:5      | Found a staircase to the Ecumenical Temple.
  4435 | Temple   | Entered the Ecumenical Temple
  4718 | D:5      | Got a crude scale mail
  4729 | D:5      | Identified the +6 scale mail of Fashionability {rF+ rC+
                  | SInv} (You found it on level 5 of the Dungeon)
  4905 | D:5      | Identified an amulet of Dafiem {Acrobat rPois Dex+4 Stlth+}
                  | (You found it on level 5 of the Dungeon)
  4992 | D:6      | Reached skill level 5 in Earth Magic
  5060 | D:6      | HP: 1/50 [orc warrior/+0 battleaxe (11)]
  5374 | D:5      | HP: 1/50 [orc (2)]
  5381 | D:5      | Demolished by an orc warrior

Skill      XL: |  1  2  3  4  5  6  7 |
---------------+----------------------+-----
Earth Magic    | 4 5 |  5.0
Armour         | 1 2 |  2.8
Stealth        | 3 |  3.3
Fighting       | 1 2 |  2.6
Spellcasting   | 3 4 |  4.9
Conjurations   | 1 2 |  2.2
Dodging        | 2 |  2.2
Maces & Flails | 1 |  1.5
Transmutations | |  1.1

Action                   |  1- 3 |  4- 6 |  7- 9 || total
-------------------------+-------+-------+-------++-------
Melee: Club              |    10 |    54 |    41 ||   105
 Cast: Sandblast         |    36 |    34 |    14 ||    84
       Stone Arrow       |     3 |    18 |    17 ||    38
  Use: Scroll            |     5 |    10 |     3 ||    18
       Potion            |       |       |     3 ||     3
 Stab: Invisible         |       |       |     1 ||     1
  Eat: Chunk             |     2 |    11 |     4 ||    17
Armor: Robe              |     2 |       |       ||     2
       Leather armour    |     5 |    38 |    18 ||    61
Dodge: Dodged            |    11 |    53 |    34 ||    98
